 Dungeon Crawl Stone Soup version 0.29-a0-330-g52719c12eb (webtiles) character file.

Game seed: 14278160756991019057

3959 tilp the Spear-Bearer (level 10, -3/76 (82) HPs)
             Began as a Merfolk Delver on Apr 29, 2022.
             Was an Initiate of Ashenzari.
             Slain by a two-headed ogre
             ... wielding a +0 giant club
              (13 damage)
             ... on level 8 of the Dungeon.
             The game lasted 00:15:41 (9395 turns).

tilp the Spear-Bearer (Merfolk Delver)              Turns: 9395, Time: 00:15:42

HP:   -3/76 (82)    AC: 12    Str: 16    XL:     10   Next: 22%
MP:   10/10         EV:  9    Int: 10    God:    Ashenzari [......]
Gold: 157           SH:  0    Dex: 18    Spells: 9/9 levels left

rFire   + . .      SeeInvis .   a - +1 demon trident of the Cursed Stars {venom, Melee, Cun} (curse)
rCold   . . .      Faith    .   (no shield)
rNeg    . . .      Spirit   .   B - +1 chain mail of Wisdom {-Cast rF+ Will+ Dex+2}
rPois   .          Reflect  .   t - +0 helmet
rElec   .          Harm     .   (no cloak)
rCorr   .          Rampage  .   (no gloves)
Will    +....      NoCast   +   u - +0 pair of boots
Stlth   +.........              (no amulet)
HPRegen 0.22/turn               (no ring)
MPRegen 0.12/turn               (no ring)

@: studying Shields, drained
A: (nimble swimmer 2), mertail
a: Renounce Religion, Shatter the Chains


You were on level 8 of the Dungeon.
You worshipped Ashenzari.
Ashenzari was noncommittal.
You visited 1 branch of the dungeon, and saw 8 of its levels.

You collected 450 gold pieces.
You spent 293 gold pieces at shops.

Inventory:

Hand Weapons
 a - the cursed +1 demon trident of the Cursed Stars (weapon) {venom, Melee, Cun}
   (You acquired it on level 1 of the Dungeon)

   It poisons the flesh of those it strikes.
   It has a curse which improves the following skills: Melee Combat: Short
   Blades, Long Blades, Axes, Maces & Flails, Polearms, Staves and Unarmed
   Combat.
   Cunning:   Dodging and Stealth.
Missiles
 d - 229 stones
 m - 12 poisoned darts (quivered)
 C - a curare-tipped dart
 E - 3 boomerangs
Armour
 t - a +0 helmet (worn)
 u - a +0 pair of boots (worn)
 B - the +1 chain mail of Wisdom (worn) {-Cast rF+ Will+ Dex+2}
   (You bought it in a shop on level 6 of the Dungeon)

   Dex:       It affects your dexterity (+2).
   rF:        It protects you from fire.
   -Cast:     It prevents spellcasting.
   Will:      It increases your willpower.
Jewellery
 s - a ring of ice
 G - an amulet of magic regeneration
Wands
 g - a wand of digging (3)
 i - a wand of charming (3)
 x - a wand of acid (6)
 y - a wand of polymorph (9)
Scrolls
 c - a scroll of fog
 e - a scroll of torment
 h - 3 scrolls of teleportation
 j - a scroll of magic mapping
 o - a scroll of holy word
 q - a scroll of fear
 r - a scroll of identify
 v - a scroll of enchant weapon
 w - 2 scrolls of brand weapon
Potions
 b - 3 potions of curing
 f - 3 potions of haste
 k - 2 potions of mutation
 l - 3 potions of lignification
 n - 4 potions of heal wounds
 p - a potion of resistance
 z - a potion of might
 A - 2 potions of flight
 D - a potion of magic {unknown}
 F - a potion of attraction {unknown}


   Skills:
 + Level 8.9 Fighting
 + Level 10.5(10.9) Polearms
 + Level 2.9 Throwing
 + Level 3.2 Armour
 - Level 5.6(6.1) Dodging
 + Level 7.3(7.8) Stealth
 + Level 5.2 Evocations


You had 9 spell levels left.
You didn't know any spells.
Your spell library contained the following spells:

 Spells                   Type           Power      Damage    Failure   Level
 Blink                    Tloc           0%         N/A       100%        2
 Corpse Rot               Necr/Air       0%         N/A       100%        2
 Poisonous Vapours        Pois/Air       0%         N/A       100%        2
 Dispel Undead            Necr           0%         3d6       100%        4
 Manifold Assault         Tloc           0%         N/A       100%        5
 Storm Form               Tmut/Air       0%         N/A       100%        7
 Infestation              Necr           0%         N/A       100%        8


Dungeon Overview and Level Annotations

Branches:
Dungeon (8/15)             Temple (0/1) D:6            Lair (0/6) D:8

Altars:
Ashenzari
Cheibriados
Dithmenos
Elyvilon
Gozag
Hepliaklqana
Kikubaaqudgha
Nemelex Xobeh
Wu Jian
Yredelemnul

Shops:
D:3 :==*   D:6 [

Annotations:
D:7 1 runed translucent door, kae's ghost, novice DgFE


Innate Abilities, Weirdness & Mutations

((You are very nimble when in or above water. (Stealth+, EV+, Speed+++)))
Your lower body shifts to a powerful aquatic tail in water.


Message History

You hit the wight. Your punch misses the wight.
The wight is heavily damaged.
You hit the wight but do no damage.
The wight is heavily damaged.
The wight hits you with a +4 battleaxe!
You feel drained.
* * * LOW HITPOINT WARNING * * *
You hit the wight but do no damage.
The wight is heavily damaged.
The wight hits you but does no damage.
You puncture the wight!
You destroy the wight!
Things that are here:
a +4 battleaxe; a +0 robe You start resting.
You hear the faint creaking of a very distant portcullis.
There is a stone staircase leading up here.
Items here: )))) [[.
Found 19 gold pieces.
Found 11 gold pieces.
An orc comes into view. It is wielding a +0 club.
The orc shouts!
The orc hits you with a +0 club.
You hit the orc.
The orc is poisoned.
The orc is heavily wounded.
The orc hits you but does no damage.
You hit the orc.
You kill the orc!
Found a plate armour.
Things that are here:
a +0 club; a +0 leather armour You now have 157 gold pieces (gained 19).
A two-headed ogre comes into view. It is wielding two +0 giant clubs.
The two-headed ogre shouts in stereo!
Things that are here:
a +0 club; a +0 leather armour
Found a scroll of identify and a lead wand.
The two-headed ogre hits you with a +0 giant club!!
* * * LOW HITPOINT WARNING * * *
The two-headed ogre hits you with a +0 giant club!
You die...

*,,,,,,,,,,,,
###**###*,,*,**,*,***
#..,,..,,,,,,**,*,***
#.#**./,,,,,,,,,,,,,, #.#
*.####,,,****,***
#############.##*[....,,,,,,,,,,,
...............##..####?,****,***
**#.....................,,,,,,,,,
#.####.......)@O..##*,,,,**,,,,
#.# ######..###.##***,*,,,,,,,
#.# #.....,..,,,,****,*** #.#
##.###.###**** *,**, #.# #.# *,*
*,**, #)#### #.#**,* *,**,
#.<>.## #..,,,* *,***
##.....########**,* ****,* *
##.............,,*,**** **,**,***


You could see a two-headed ogre.

Vanquished Creatures
  Pikel (D:4)
  Joseph (D:7)
  Sigmund (D:4)
  A shadow (D:7)
  A wyvern (D:7)
  A water moccasin (D:6)
  Duvessa (D:4)
  4 ice beasts
  2 black bears (D:5)
  An ogre (D:7)
  A centaur (D:6)
  3 lemures (D:4)
  A kobold brigand (D:7)
  A bullfrog (D:8)
  4 scorpions
  A necrophage (D:6)
  A wight (D:8)
  Dowan (D:4)
  2 howler monkeys (D:5)
  4 hounds
  4 orc priests
  4 jellies
  2 gnoll shamans
  9 iguanas
  3 scorpion zombies (D:4)
  8 orc wizards
  A hound zombie (D:4)
  Robin (D:4)
  7 adders
  12 gnolls
  2 ufetubi
  3 dart slugs
  22 orcs
  10 ball pythons
  3 endoplasms (D:1)
  5 giant cockroaches
  10 goblins
  2 hobgoblins
  7 jackals
  A quokka (D:1)
  12 bats
  A jackal zombie (D:4)
  11 kobolds
  3 rats
176 creatures vanquished.

Vanquished Creatures (others)
  A quokka (D:5)
1 creature vanquished.

Grand Total: 177 creatures vanquished

Notes
Turn   | Place    | Note
-------+----------+-------------------------------------------
     0 | D:5      | tilp the Merfolk Delver began the quest for the Orb.
     0 | D:5      | Reached XP level 1. HP: 18/18 MP: 1/1
    21 | D:6      | Noticed a scorpion
    65 | D:5      | Noticed a hound
    83 | D:5      | Noticed a howler monkey
    98 | D:5      | Noticed an iguana
   342 | D:4      | Noticed Pikel
   356 | D:3      | Noticed a scorpion
   392 | D:2      | Reached skill level 3 in Polearms
   463 | D:2      | Reached XP level 2. HP: 22/24 MP: 2/2
   576 | D:1      | Found a faded altar of an unknown god.
  1136 | D:1      | Reached skill level 4 in Polearms
  1136 | D:1      | Reached XP level 3. HP: 14/30 MP: 3/3
  1803 | D:1      | Identified 2 scrolls of acquirement
  1803 | D:1      | Acquired a +0 demon trident of venom
  2356 | D:3      | Reached XP level 4. HP: 32/37 MP: 4/4
  2442 | D:3      | Found Xizouroyf's General Store.
  2451 | D:3      | Bought 2 potions of curing for 84 gold pieces
  2518 | D:3      | Found an ornate altar of the Wu Jian Council.
  2594 | D:3      | Found Deoran's Jewellery Shoppe.
  2630 | D:3      | Killed a scorpion
  2631 | D:3      | Reached XP level 5. HP: 24/43 MP: 5/5
  2922 | D:3      | Found Zomeewopy's Book Emporium.
  2987 | D:3      | Found a broken altar of Ashenzari.
  3073 | D:3      | Became a worshipper of Ashenzari the Shackled
  3147 | D:3      | Found Rocsarhi's Jewellery Shoppe.
  3208 | D:3      | Found a shadowy altar of Dithmenos.
  3210 | D:3      | Found a sparkling altar of Nemelex Xobeh.
  3214 | D:3      | Found a snail-covered altar of Cheibriados.
  3282 | D:3      | Acquired a manual of Shields
  3330 | D:4      | Reached skill level 5 in Polearms
  3346 | D:4      | Reached XP level 6. HP: 48/50 MP: 6/6
  3393 | D:4      | Noticed Dowan
  3393 | D:4      | Noticed Duvessa
  3429 | D:4      | Killed Duvessa
  3430 | D:4      | Reached skill level 5 in Fighting
  3430 | D:4      | Reached skill level 6 in Polearms
  3436 | D:4      | Killed Dowan
  3728 | D:4      | Reached XP level 7. HP: 28/57 MP: 7/7
  3985 | D:4      | Found a basalt altar of Yredelemnul.
  4290 | D:4      | Killed Pikel
  4291 | D:4      | Reached skill level 8 in Polearms
  4291 | D:4      | Reached skill level 1 in Armour
  4291 | D:4      | Reached skill level 1 in Evocations
  4291 | D:4      | Reached XP level 8. HP: 54/65 MP: 8/8
  4410 | D:4      | Noticed Sigmund
  4413 | D:4      | Killed Sigmund
  4431 | D:4      | Noticed Robin
  4441 | D:4      | Killed Robin
  4900 | D:4      | Reached skill level 9 in Polearms
  5862 | D:5      | Reached XP level 9. HP: 69/72 MP: 9/9
  5871 | D:5      | Found a white marble altar of Elyvilon.
  6434 | D:5      | Reached * piety under Ashenzari
  6670 | D:5      | Found a hazy altar of Hepliaklqana.
  6686 | D:5      | Found an opulent altar of Gozag.
  6956 | D:6      | Reached skill level 1 in Throwing
  7285 | D:6      | Found Jalidid's Antique Armour Shop.
  7386 | D:6      | Found an ancient bone altar of Kikubaaqudgha.
  7667 | D:6      | Reached skill level 10 in Polearms
  7726 | D:6      | Found a staircase to the Ecumenical Temple.
  7809 | D:6      | Identified the +1 robe of the Carpenter {Harm rF+ Str+4}
  7883 | D:6      | Reached skill level 5 in Dodging
  7980 | D:6      | Bought a jewelled chain mail for 209 gold pieces
  7980 | D:6      | Identified the +1 chain mail of Wisdom {-Cast rF+ Will+
                  | Dex+2} (You bought it in a shop on level 6 of the Dungeon)
  8041 | D:7      | Noticed kae's ghost (novice DgFE)
  8041 | D:7      | Found a runed translucent door.
  8064 | D:7      | Got Zijyfafe's Papyrus of Darkness
  8489 | D:7      | Noticed Joseph
  8505 | D:7      | Killed Joseph
  8506 | D:7      | Reached skill level 5 in Evocations
  8506 | D:7      | Reached XP level 10. HP: 26/82 MP: 10/10
  9393 | D:8      | Noticed a two-headed ogre
  9395 | D:8      | Slain by a two-headed ogre

Illustrated notes

Levels and vault maps discovered:
D:1:      shiori_arrival_maze, layout_basic, ebering_ecumenical_altar_box,
          minmay_tree_intersection, hangedman_decor_clover_reticule
D:2:      layout_basic
D:3:      layout_basic, lemuel_crystal_altar, cheibrodos_ashenzari_chains,
          grunt_temple_overflow_diamond, serial_shops,
          nicolae_shop_competitors_out_of_business, shop, shop, shop,
          grunt_decor_resistance, serial_park_tiny_2, roderic_batcave
D:4:      layout_gridville, nicolae_yredelemnul_corpse_copse, uniq_pikel,
          uniq_duvessa, uniq_robin, uniq_sigmund
D:5:      layout_loops_ring, elyvilon_altar_4, mainiacjoe_overflow_swirl,
          minmay_puff
D:6:      layout_cave_pools, kiku_gazebo_garden_becter,
          minmay_temple_entry_fiery, serial_shops, nicolae_diamond_shop,
          minivault_5, minmay_strange_pillars
D:7:      layout_rooms, gammafunk_ghost_grave, uniq_joseph
D:8:      layout_loops_ring, lair_entry_dummy, enter_bailey_5,
          item_on_display_a, uniq_amaemon

Skill      XL: |  1  2  3  4  5  6  7  8  9 |
---------------+----------------------------+-----
Polearms       | 3 4 5 6 8 9 10 | 10.5
Fighting       | 4 5 6 7 8 |  8.9
Dodging        | 3 4 5 |  5.6
Stealth        | 6 7 |  7.3
Armour         | 1 2 3 |  3.2
Evocations     | 1 3 5 |  5.2
Throwing       | 2 |  2.9

Action                   |  1- 3 |  4- 6 |  7- 9 | 10-12 || total
-------------------------+-------+-------+-------+-------++-------
Melee: Spear             |   123 |       |       |       ||   123
       Punch             |     2 |       |     2 |       ||     4
       Demon trident     |    19 |    75 |   378 |    51 ||   523
Throw: Stone             |       |     2 |     3 |       ||     5
       Dart              |       |       |     3 |       ||     3
Invok: Curse Item        |       |       |     2 |       ||     2
       Shatter the Chain |       |       |     1 |       ||     1
Evoke: Wand              |     3 |       |     1 |       ||     4
  Use: Scroll            |     8 |     1 |     3 |     1 ||    13
       Potion            |       |       |     1 |       ||     1
 Stab: Sleeping          |    12 |       |       |       ||    12
Armor: Leather armour    |    23 |       |       |       ||    23
       Chain mail        |     3 |    32 |   126 |    16 ||   177
Dodge: Dodged            |    75 |    23 |    96 |    26 ||   220

Table legend: (Time is in decaauts)
 A = Elapsed time spent in this place.
 B = Non-inter-level travel time spent in this place.
 C = Inter-level travel time spent in this place.
 D = Time resting spent in this place.
 E = Time spent auto-exploring this place.
 F = Levels seen in this place.
 G = Mean time per level.
                   A        B        C        D        E       F      G
               +--------+--------+--------+--------+--------+-----+--------+
         Total |   9313 |   9031 |    282 |   2393 |   5293 |   8 | 1164.1 |
       Dungeon |   9313 |   9031 |    282 |   2393 |   5293 |   8 | 1164.1 |
               +--------+--------+--------+--------+--------+-----+--------+

Top non-repeatable levels by time:
     D:4: 2412 daAuts
     D:5: 1434 daAuts
     D:1: 1262 daAuts
     D:7: 1230 daAuts
     D:6: 1177 daAuts
     D:3: 1021 daAuts
     D:2: 679 daAuts
     D:8: 93 daAuts
